 Dungeon Crawl Stone Soup version 0.17-a0-1648-g0a089d4 (webtiles) character file.

34 matakusis the Chopper (level 3, 0/27 HPs)
             Began as a Demonspawn Gladiator on Aug 12, 2015.
             Killed from afar by Ijyb (9 damage)
             ... with a wand of flame
             ... on level 2 of the Dungeon.
             The game lasted 00:02:55 (1090 turns).

matakusis the Chopper (Demonspawn Gladiator)        Turns: 1090, Time: 00:02:56

Health: 0/27       AC:  7    Str: 16    XL:     3   Next: 14%
Magic:  3/3        EV: 12    Int: 12    God:
Gold:   29         SH:  0    Dex: 13    Spells: 0 memorised, 2 levels left

rFire  . . .     SeeInvis .     a - +0 war axe
rCold  . . .     Clarity  .     b - +0 leather armour
rNeg   + . .     SustAt   .     (no shield)
rPois  .         Gourm    .     c - +0 helmet
rElec  .         Spirit   .     n - +0 cloak
rCorr  .         Warding  .     (no gloves)
rMut   .         Stasis   .     (no boots)
MR     .....                    (no amulet)
Stlth  +.........               l - +3 ring of intelligence
                                h - ring of positive energy

@: lethally poisoned (0 -> -2), not resistant to hostile enchantments, very
unstealthy
A: yellow scales 1
a: no special abilities


You were on level 2 of the Dungeon.
You were not hungry.

You visited 1 branch of the dungeon, and saw 2 of its levels.

You collected 29 gold pieces.

Inventory:

Hand weapons
 a - a +0 war axe (weapon)
Missiles
 d - 3 throwing nets (quivered)
Armour
 b - a +0 leather armour (worn)
 c - a +0 helmet (worn)
 n - a +0 cloak (worn)
Jewellery
 h - a ring of positive energy (left hand)
 k - an uncursed amulet of resist mutation {unknown}
 l - a +3 ring of intelligence (right hand)
Scrolls
 m - a scroll of enchant weapon {unknown}
 o - a scroll of identify {unknown}
 q - a scroll of enchant armour {unknown}
 r - a scroll of amnesia {unknown}
 s - a scroll of recharging {unknown}
Potions
 g - a potion of heal wounds {unknown}
 i - 2 potions of haste {unknown}
 p - a potion of agility {unknown}
Comestibles
 e - 3 bread rations
 f - 9 chunks of flesh
 j - a slice of pizza


   Skills:
 + Level 2.2 Fighting
 + Level 3.2 Axes
 - Level 1.7 Throwing
 + Level 0.6 Armour
 + Level 3.1 Dodging


You had 2 spell levels left.
You didn't know any spells.

Dungeon Overview and Level Annotations

Branches:
Dungeon (2/15)

Altars:

Annotations:
D:2 Ijyb


Innate Abilities, Weirdness & Mutations

You are partially covered in yellow scales (AC +2).


Message History

You hit the hobgoblin but do no damage.
You feel sick. The hobgoblin hits you with a club.
You hit the hobgoblin but do no damage. The hobgoblin hits you with a club.
You closely miss Ijyb.
Ijyb zaps a wand.
The puff of flame misses you.
It is a wand of flame.
You miss Ijyb.
You feel sick.
Ijyb zaps a wand.
The puff of flame hits you!
The ooze jiggles.
You slash Ijyb!
Ijyb is moderately wounded.
Ijyb hits you with a club.
You miss Ijyb.
Ijyb is moderately wounded.
Ijyb zaps a wand.
The puff of flame hits you!
Ijyb zaps a wand.
The puff of flame misses you.
A goblin comes into view. It is wielding a dagger.
The goblin shouts!
You hit Ijyb.
Ijyb is moderately wounded.
You feel sick.
Ijyb zaps a wand.
The puff of flame hits you!
You die...

################
#......#.......# #####
#......#.......# #....
###......#.......# #....
.g...............# #....
. ..... #).......# ####.
....#.g##........#######.
.....gSg@................
.....J###........#..##...
..... #....#####).##...
#... #....# #.<##### ##J
###### #....... #
##..#.### #........
#...#.... #...#....


You could see Ijyb, an ooze, an adder, a hobgoblin and 2 goblins.

Vanquished Creatures
  2 giant geckos
  3 bats
  2 giant cockroaches (D:2)
  2 goblins
  7 hobgoblins
  7 jackals
  2 giant newts
  A kobold (D:1)
  2 rats (D:1)
28 creatures vanquished.

Notes
Turn   | Place    | Note
--------------------------------------------------------------
     0 | D:1      | matakusis the Demonspawn Gladiator began the quest for the Orb.
     0 | D:1      | Reached XP level 1. HP: 16/16 MP: 1/1
   281 | D:1      | Gained mutation: You are partially covered in yellow scales (AC +2). [demonic ancestry]
   281 | D:1      | Reached XP level 2. HP: 19/22 MP: 2/2
   324 | D:1      | Reached skill level 3 in Axes
   994 | D:2      | Reached XP level 3. HP: 23/27 MP: 3/3
  1079 | D:2      | Noticed Ijyb
  1090 | D:2      | Killed from afar by Ijyb

Vault maps used:
D:1:      dpeg_arrival_ternary
D:2:      hangedman_decor_growths, uniq_iyjb

Action                   || total
-------------------------++-------
Melee: War axe           ||    78
  Eat: Chunk             ||     1
